PAA
MINNESOTA LOONS @ DURHAM RAPIERS
08/19/2031
 
TOP OF THE 1ST
Minnesota Loons batting - Pitching for Durham Rapiers : LHP Archie Erickson
Pitching: LHP Archie Erickson
Batting: RHB Germán Espantoso 0-0: Ground out 4-3 (Groundball, 4)
Batting: RHB Dhyana Snigdha 0-0: Ball
1-0: Foul Ball, location: 2F
1-1: Ball
2-1: Foul Ball, location: 2F
2-2: Strikes out swinging
Batting: RHB Ángelo Delgado 0-0: Foul Ball, location: 2F
0-1: Foul Ball, location: 2F
0-2: Strikes out looking
Top of the 1st over - 0 runs, 0 hits, 0 errors, 0 left on base; Minnesota 0 - Durham 0
BOTTOM OF THE 1ST
Durham Rapiers batting - Pitching for Minnesota Loons : RHP Steve Monroe
Pitching: RHP Steve Monroe
Batting: LHB Alberto Garza 0-0: Ball
1-0: SINGLE (Groundball, 34D)
Batting: RHB Tomás Costello 0-0: Ball
1-0: Ball
2-0: Ball
3-0: Called Strike
3-1: Foul Ball, location: 2F
3-2: Base on Balls
Alberto Garza to second
Batting: LHB Glen Allen Mixon 0-0: Fly out, F9 (Flyball, 9LS)
Batting: RHB Armando Chamú 0-0: Ball
1-0: Ball
2-0: Called Strike
2-1: Swinging Strike
2-2: Strikes out swinging
Batting: RHB Guillermo Mata 0-0: Called Strike
0-1: Fly out, F7 (Flyball, 7D)
Bottom of the 1st over - 0 runs, 1 hit, 0 errors, 2 left on base; Minnesota 0 - Durham 0
TOP OF THE 2ND
Minnesota Loons batting - Pitching for Durham Rapiers : LHP Archie Erickson
Batting: RHB Luis Delvalle 0-0: Ball
1-0: Ball
2-0: Ball
3-0: Base on Balls
Batting: RHB José de la Cavallería 0-0: Called Strike
0-1: Called Strike
0-2: Ball
1-2: SINGLE (Line Drive, 8LS)
Luis Delvalle to second
Batting: RHB Jimmy Fick 0-0: Ball
1-0: Ball
2-0: Ball
3-0: Called Strike
3-1: Base on Balls
Luis Delvalle to third
José de la Cavallería to second
Batting: LHB Bennett Whitford 0-0: SINGLE (Groundball, 5D)
Luis Delvalle scores
José de la Cavallería to third
Jimmy Fick to second
Batting: RHB Rubén Medina 0-0: Called Strike
0-1: Called Strike
0-2: Strikes out looking
Batting: RHB Cody Jaeckel 0-0: Ball
1-0: Foul Ball, location: 2F
1-1: Swinging Strike
1-2: Strikes out swinging
Batting: RHB Germán Espantoso 0-0: Foul Ball, location: 2F
0-1: Called Strike
0-2: Ball
1-2: Ball
2-2: Foul Ball, location: 2F
2-2: Ball
3-2: Foul Ball, location: 2F
3-2: DOUBLE (Line Drive, 7LM)
José de la Cavallería scores
Jimmy Fick scores
Bennett Whitford to third
Bennett Whitford scores
Batting: RHB Dhyana Snigdha 0-0: Ball
1-0: Ball
2-0: Ball
3-0: Called Strike
3-1: Base on Balls
Batting: RHB Ángelo Delgado 0-0: Ball
1-0: SINGLE (Line Drive, 78S)
Germán Espantoso to third
Dhyana Snigdha to second
Runner from 3rd tries for Home, SAFE, no throw
Batting: RHB Luis Delvalle 0-0: Foul Ball, location: 2F
0-1: Swinging Strike
0-2: Ball
1-2: Ball
2-2: Foul Ball, location: 2F
2-2: Ball
Wild Pitch!
Dhyana Snigdha to third
Ángelo Delgado to second
3-2: Fly out, F2 (Popup, 2RF)
Top of the 2nd over - 5 runs, 4 hits, 0 errors, 2 left on base; Minnesota 5 - Durham 0
BOTTOM OF THE 2ND
Durham Rapiers batting - Pitching for Minnesota Loons : RHP Steve Monroe
Batting: RHB Raúl Moreno 0-0: Ground out 5-3 (Groundball, 56S)
Batting: RHB Colby King 0-0: Ball
1-0: Swinging Strike
1-1: Ball
2-1: Ground out 6-3 (Groundball, 6)
Batting: RHB Yoshi Kouda 0-0: Ball
1-0: Called Strike
1-1: Foul Ball, location: 2F
1-2: Foul Ball, location: 2F
1-2: Foul Ball, location: 2F
1-2: DOUBLE (Line Drive, 8LD)
Batting: RHB Mason Congdon 0-0: Called Strike
0-1: Ball
1-1: 2-RUN HOME RUN (Flyball, 7D), Distance : 380 ft
Batting: LHB Alberto Garza 0-0: Swinging Strike
0-1: Ball
1-1: Ground out 1-3 (Groundball, P)
Bottom of the 2nd over - 2 runs, 2 hits, 0 errors, 0 left on base; Minnesota 5 - Durham 2
TOP OF THE 3RD
Minnesota Loons batting - Pitching for Durham Rapiers : LHP Archie Erickson
Batting: RHB José de la Cavallería 0-0: Ball
1-0: Called Strike
1-1: Ball
2-1: Swinging Strike
2-2: Ball
3-2: Strikes out swinging
Batting: RHB Jimmy Fick 0-0: Called Strike
0-1: Swinging Strike
0-2: Strikes out swinging
Batting: LHB Bennett Whitford 0-0: Ball
1-0: Swinging Strike
1-1: Foul Ball, location: 2F
1-2: Foul Ball, location: 2F
1-2: Foul Ball, location: 2F
1-2: Foul Ball, location: 2F
1-2: SINGLE (Groundball, 6MD)
Batting: RHB Rubén Medina 0-0: Foul Ball, location: 2F
0-1: Ball
1-1: Called Strike
1-2: Strikes out looking
Top of the 3rd over - 0 runs, 1 hit, 0 errors, 1 left on base; Minnesota 5 - Durham 2
BOTTOM OF THE 3RD
Durham Rapiers batting - Pitching for Minnesota Loons : RHP Steve Monroe
Batting: RHB Tomás Costello 0-0: Foul Ball, location: 2F
0-1: Ball
1-1: Ball
2-1: Ball
3-1: Foul Ball, location: 2F
3-2: Fly out, F9 (Line Drive, 89S)
Batting: LHB Glen Allen Mixon 0-0: Ground out 3-1 (Groundball, 34S)
Batting: RHB Armando Chamú 0-0: Ball
1-0: Foul Ball, location: 2F
1-1: Ball
2-1: Ball
3-1: Ground out 6-3 (Groundball, 6)
Bottom of the 3rd over - 0 runs, 0 hits, 0 errors, 0 left on base; Minnesota 5 - Durham 2
TOP OF THE 4TH
Minnesota Loons batting - Pitching for Durham Rapiers : LHP Archie Erickson
Batting: RHB Cody Jaeckel 0-0: Foul Ball, location: 2F
0-1: Fly out, F8 (Flyball, 89D)
Batting: RHB Germán Espantoso 0-0: Ball
1-0: Foul Ball, location: 2F
1-1: Ball
2-1: Called Strike
2-2: SINGLE (Groundball, 6MD)
Batting: RHB Dhyana Snigdha 0-0: Ball
1-0: Ball
2-0: Foul Ball, location: 2F
2-1: Ball
3-1: DOUBLE (Groundball, 3L)
Germán Espantoso to third
Runner from 3rd tries for Home, SAFE, no throw
Pitching: RHP Archibald Bridgestone
Batting: RHB Ángelo Delgado 0-0: Ball
1-0: Ball
2-0: Foul Ball, location: 2F
2-1: Foul Ball, location: 2F
2-2: Foul Ball, location: 2F
2-2: Ball
3-2: Foul Ball, location: 2F
3-2: SINGLE (Groundball, 34S) (infield hit)
Dhyana Snigdha to third
Batting: RHB Luis Delvalle 0-0: Foul Ball, location: 2F
0-1: DOUBLE (Line Drive, 89D)
Dhyana Snigdha scores
Ángelo Delgado to third
Runner from 3rd tries for Home, SAFE, no throw
Batting: RHB José de la Cavallería 0-0: Foul Ball, location: 2F
0-1: Ball
1-1: Ball
2-1: Fly out, F7 (Flyball, 7LM)
Batting: RHB Jimmy Fick 0-0: Ball
1-0: Swinging Strike
1-1: Foul Ball, location: 2F
1-2: Foul Ball, location: 2F
1-2: Strikes out swinging
Top of the 4th over - 3 runs, 4 hits, 0 errors, 1 left on base; Minnesota 8 - Durham 2
BOTTOM OF THE 4TH
Durham Rapiers batting - Pitching for Minnesota Loons : RHP Steve Monroe
Batting: RHB Guillermo Mata 0-0: Ball
1-0: Ball
2-0: Fly out, F6 (Line Drive, 6M)
Batting: RHB Raúl Moreno 0-0: Ball
1-0: Foul Ball, location: 2F
1-1: Ball
2-1: Foul Ball, location: 2F
2-2: Foul Ball, location: 2F
2-2: Ground out 6-3 (Groundball, 6M)
Batting: RHB Colby King 0-0: Ball
1-0: Foul Ball, location: 2F
1-1: Ball
2-1: Ball
3-1: Foul Ball, location: 2F
3-2: SOLO HOME RUN (Flyball, 7LD), Distance : 362 ft
Batting: RHB Yoshi Kouda 0-0: Ball
1-0: Fly out, F3 (Popup, 3S)
Bottom of the 4th over - 1 run, 1 hit, 0 errors, 0 left on base; Minnesota 8 - Durham 3
TOP OF THE 5TH
Minnesota Loons batting - Pitching for Durham Rapiers : RHP Archibald Bridgestone
Batting: LHB Bennett Whitford 0-0: Swinging Strike
0-1: Ball
1-1: Fly out, F8 (Flyball, 8RD)
Batting: RHB Rubén Medina 0-0: Foul Ball, location: 2F
0-1: Ground out 4-3 (Groundball, 4)
Batting: RHB Cody Jaeckel 0-0: Ball
1-0: Ball
2-0: Swinging Strike
2-1: Swinging Strike
2-2: Strikes out swinging
Top of the 5th over - 0 runs, 0 hits, 0 errors, 0 left on base; Minnesota 8 - Durham 3
BOTTOM OF THE 5TH
Durham Rapiers batting - Pitching for Minnesota Loons : RHP Steve Monroe
Batting: RHB Mason Congdon 0-0: Ball
1-0: Ball
2-0: Foul Ball, location: 2F
2-1: Fly out, F1 (Line Drive, 13)
Batting: LHB Alberto Garza 0-0: Ball
1-0: Swinging Strike
1-1: Foul Ball, location: 2F
1-2: Ball
2-2: Ball
3-2: SINGLE (Line Drive, 6MD)
Batting: RHB Tomás Costello 0-0: Foul Ball, location: 2F
0-1: Ball
1-1: Ball
2-1: Foul Ball, location: 2F
2-2: DOUBLE (Line Drive, 89S)
Alberto Garza to third
Batting: LHB Glen Allen Mixon 0-0: Ball
1-0: Called Strike
1-1: Ball
2-1: Fly out, F8 (Line Drive, 8RD)
Runner from 3rd tags up, SCORES, throw made
Batting: RHB Armando Chamú 0-0: Ball
1-0: Called Strike
1-1: Ball
2-1: Ball
3-1: Called Strike
3-2: Foul Ball, location: 2F
3-2: Base on Balls
Batting: RHB Guillermo Mata 0-0: Fly out, F7 (Flyball, 7S)
Bottom of the 5th over - 1 run, 2 hits, 0 errors, 2 left on base; Minnesota 8 - Durham 4
TOP OF THE 6TH
Minnesota Loons batting - Pitching for Durham Rapiers : RHP Archibald Bridgestone
Batting: RHB Germán Espantoso 0-0: Ball
1-0: SINGLE (Line Drive, 6MD)
Batting: RHB Dhyana Snigdha 0-0: Bunted foul
0-1: Sac Bunt - play at first, batter OUT! 3-4
Germán Espantoso to second
Batting: RHB Ángelo Delgado 0-0: Called Strike
Germán Espantoso steals 3rd base
0-1: Ball
1-1: Ball
2-1: Ball
3-1: Called Strike
3-2: Foul Ball, location: 2F
3-2: SINGLE (Groundball, 6MD)
Germán Espantoso scores
Batting: RHB Luis Delvalle 0-0: Ball
1-0: Ball
2-0: Called Strike
2-1: Fly out, F7 (Flyball, 7S)
Batting: RHB José de la Cavallería 0-0: Ball
1-0: Called Strike
Pickoff Throw to First - Out!
Top of the 6th over - 1 run, 2 hits, 0 errors, 0 left on base; Minnesota 9 - Durham 4
BOTTOM OF THE 6TH
Durham Rapiers batting - Pitching for Minnesota Loons : RHP Steve Monroe
Batting: RHB Raúl Moreno 0-0: Called Strike
0-1: Foul Ball, location: 2F
0-2: Ball
1-2: Ball
2-2: Ball
3-2: Foul Ball, location: 2F
3-2: SINGLE (Groundball, 6MD)
Batting: RHB Colby King 0-0: Foul Ball, location: 2F
0-1: Ball
1-1: Swinging Strike
1-2: Grounds into double play, 5-4-3 (Groundball, 56)
Batting: RHB Yoshi Kouda 0-0: Foul Ball, location: 2F
0-1: Ball
1-1: Ball
2-1: Ball
3-1: Called Strike
3-2: Fly out, F9 (Flyball, 9LMF)
Bottom of the 6th over - 0 runs, 1 hit, 0 errors, 0 left on base; Minnesota 9 - Durham 4
TOP OF THE 7TH
Minnesota Loons batting - Pitching for Durham Rapiers : RHP Archibald Bridgestone
Batting: RHB José de la Cavallería 0-0: Ball
1-0: Swinging Strike
1-1: Foul Ball, location: 2F
1-2: Foul Ball, location: 2F
1-2: Fly out, F7 (Line Drive, 7)
Batting: RHB Jimmy Fick 0-0: Ball
1-0: Swinging Strike
1-1: Ball
2-1: Foul Ball, location: 2F
2-2: Ground out U3 (Groundball, 34S)
Batting: LHB Bennett Whitford 0-0: Ball
1-0: Single, Error in OF, E9, batter to second base
Batting: RHB Rubén Medina 0-0: Ball
1-0: SINGLE (Groundball, 4MS) (infield hit)
Bennett Whitford to third
Batting: RHB Cody Jaeckel 0-0: Ball
1-0: Swinging Strike
1-1: Ball
2-1: Called Strike
2-2: Strikes out swinging
Top of the 7th over - 0 runs, 2 hits, 1 error, 2 left on base; Minnesota 9 - Durham 4
BOTTOM OF THE 7TH
Durham Rapiers batting - Pitching for Minnesota Loons : RHP Steve Monroe
Pitching: RHP Horatio McAllister
Batting: RHB Mason Congdon 0-0: Ball
1-0: Fly out, F7 (Flyball, 78S)
Batting: LHB Alberto Garza 0-0: Ball
1-0: Ball
2-0: Ball
3-0: Called Strike
3-1: Called Strike
3-2: Foul Ball, location: 2F
3-2: Fly out, F8 (Flyball, 8RM)
Batting: RHB Tomás Costello 0-0: Foul Ball, location: 2F
0-1: Called Strike
0-2: Foul Ball, location: 2F
0-2: SINGLE (Line Drive, 6M)
Batting: LHB Glen Allen Mixon 0-0: Ball
1-0: Swinging Strike
1-1: Ball
2-1: Ball
3-1: Called Strike
3-2: Foul Ball, location: 2F
3-2: Strikes out looking
Bottom of the 7th over - 0 runs, 1 hit, 0 errors, 1 left on base; Minnesota 9 - Durham 4
TOP OF THE 8TH
Minnesota Loons batting - Pitching for Durham Rapiers : RHP Archibald Bridgestone
Batting: RHB Germán Espantoso 0-0: Ball
1-0: Foul Ball, location: 2F
1-1: Foul Ball, location: 2F
1-2: Foul Ball, location: 2F
1-2: Strikes out swinging passed ball, reaches first!
Pitching: LHP Felipe Melgar
Batting: RHB Dhyana Snigdha 0-0: Ball
Germán Espantoso steals 2nd base
1-0: Ball
2-0: Ball
3-0: Base on Balls
Batting: RHB Ángelo Delgado 0-0: Ball
1-0: Ball
Wild Pitch!
Germán Espantoso to third
Dhyana Snigdha to second
2-0: Ground out 1-3 (Groundball, 13)
Batting: RHB Luis Delvalle 0-0: Called Strike
0-1: Swinging Strike
0-2: Foul Ball, location: 2F
0-2: Ball
1-2: Strikes out swinging
Batting: RHB José de la Cavallería 0-0: Ball
1-0: SINGLE (Line Drive, 6MD)
Germán Espantoso scores
Dhyana Snigdha to third
Runner from 3rd tries for Home, throw and OUT!
Top of the 8th over - 1 run, 1 hit, 0 errors, 1 left on base; Minnesota 10 - Durham 4
BOTTOM OF THE 8TH
Durham Rapiers batting - Pitching for Minnesota Loons : RHP Horatio McAllister
Now at C: Tabor Muzquiz
Batting: RHB Armando Chamú 0-0: Ball
1-0: Ball
2-0: Called Strike
2-1: Swinging Strike
2-2: Strikes out swinging
Batting: RHB Guillermo Mata 0-0: Ball
1-0: Ball
2-0: Called Strike
2-1: Foul Ball, location: 2F
2-2: Foul Ball, location: 2F
2-2: Strikes out swinging
Batting: RHB Raúl Moreno 0-0: Called Strike
0-1: Fly out, F8 (Line Drive, 8LM)
Bottom of the 8th over - 0 runs, 0 hits, 0 errors, 0 left on base; Minnesota 10 - Durham 4
TOP OF THE 9TH
Minnesota Loons batting - Pitching for Durham Rapiers : LHP Felipe Melgar
Pitching: RHP Mark Sinclair
Batting: RHB Jimmy Fick 0-0: Called Strike
0-1: Swinging Strike
0-2: Foul Ball, location: 2F
0-2: Ground out 4-3 (Groundball, 34)
Batting: LHB Bennett Whitford 0-0: Ball
1-0: Ground out 4-3 (Groundball, 34D)
Batting: RHB Rubén Medina 0-0: Ball
1-0: Ground out 6-3 (Groundball, 6)
Top of the 9th over - 0 runs, 0 hits, 0 errors, 0 left on base; Minnesota 10 - Durham 4
BOTTOM OF THE 9TH
Durham Rapiers batting - Pitching for Minnesota Loons : RHP Horatio McAllister
Now in RF: Héctor Espiga
Batting: RHB Colby King 0-0: Called Strike
0-1: Foul Ball, location: 2F
0-2: Foul Ball, location: 2F
0-2: Ball
1-2: Ball
2-2: Ground out 6-3 (Groundball, 6)
Batting: RHB Yoshi Kouda 0-0: Called Strike
0-1: Ground out 6-3 (Groundball, 6)
Batting: RHB Mason Congdon 0-0: Foul Ball, location: 2F
0-1: Ball
1-1: Fly out, F9 (Flyball, 9LS)
Bottom of the 9th over - 0 runs, 0 hits, 0 errors, 0 left on base; Minnesota 10 - Durham 4
Tuesday, June 12th, 2018 - OOTP Baseball 18.8 Build 76